 Dungeon Crawl Stone Soup version 0.29.0-11-gd7f09526c8 (webtiles) character file.

Game seed: 15102010830302195200

116 GigaChad the Covered (level 4, -3/40 HPs)
             Began as a Minotaur Fighter on Sept 6, 2022.
             Slain by a gnoll
             ... wielding a +0 spear
              (7 damage)
             ... on level 3 of the Dungeon.
             The game lasted 00:04:20 (1329 turns).

GigaChad the Covered (Minotaur Fighter)             Turns: 1329, Time: 00:04:21

Health: -3/40      AC:  7    Str: 23    XL:     4   Next: 69%
Magic:  3/3        EV:  9    Int:  5    God:
Gold:   104        SH:  4    Dex:  9    Spells: 3/3 levels left

rFire   . . .      SeeInvis .   j - +0 war axe
rCold   . . .      Faith    .   c - +0 buckler
rNeg    . . .      Spirit   .   b - +0 scale mail
rPois   .          Reflect  .   (helmet restricted)
rElec   .          Harm     .   (no cloak)
rCorr   .          Rampage  .   (no gloves)
Will    .....                   (no boots)
Stlth   ..........              m - amulet of the acrobat
HPRegen 0.13/turn               (no ring)
MPRegen 0.08/turn               (no ring)

@: mighty
A: horns 2, retaliatory headbutt
a: no special abilities


You were on level 3 of the Dungeon.
You visited 1 branch of the dungeon, and saw 3 of its levels.

You collected 104 gold pieces.

Inventory:

Hand Weapons
 a - a +0 long sword
 j - a +0 war axe (weapon)
 o - a +4 short sword of flaming
Armour
 b - a +0 scale mail (worn)
 c - a +0 buckler (worn)
Jewellery
 m - an amulet of the acrobat (around neck)
Scrolls
 h - a scroll of magic mapping {unknown}
 k - a scroll of identify
 l - a scroll of teleportation {unknown}
 p - a scroll of vulnerability {unknown}
Potions
 e - a potion of degeneration {unknown}
 f - 2 potions of curing
 g - a potion of ambrosia {unknown}
 i - a potion of magic {unknown}
 n - a potion of invisibility {unknown}


   Skills:
 + Level 4.0 Fighting
 + Level 3.9 Long Blades
 + Level 0.5 Axes
 + Level 4.7 Armour
 + Level 1.2 Dodging
 + Level 0.1 Stealth
 + Level 4.1 Shields


You had 3 spell levels left.
You didn't know any spells.
Your spell library was empty.

Dungeon Overview and Level Annotations

Branches:
Dungeon (3/15)

Altars:
Cheibriados
Dithmenos


Innate Abilities, Weirdness & Mutations

You have a pair of horns on your head.
You reflexively headbutt those who attack you in melee.


Message History

You slash the gnoll! Your headbutt misses the gnoll.
The gnoll is severely wounded.
The gnoll hits you with a +0 whip.
The gnoll hits you from afar with a +0 spear.
You hit the gnoll.
The gnoll is severely wounded.
The gnoll hits you with a +0 whip. You block the gnoll's attack.
The gnoll closely misses you. The gnoll barely misses you.
You barely miss the gnoll. You headbutt the gnoll.
You kill the gnoll!
The gnoll hits you but does no damage.
Your Fighting skill increases to level 4!
You closely miss the gnoll. The gnoll hits you but does no damage.
You block the gnoll's attack. The gnoll hits you but does no damage.
The gnoll hits you from afar with a +0 spear.
You completely miss the gnoll. The gnoll hits you but does no damage.
The gnoll closely misses you.
You slash the gnoll!
The gnoll is almost dead.
The gnoll closely misses you. The gnoll barely misses you.
You block the gnoll's attack. The gnoll hits you with a +0 whip.
You hit the gnoll.
You kill the gnoll!
The gnoll barely misses you. The gnoll hits you but does no damage.
The gnoll hits you from afar with a +0 spear.
You hit the gnoll. Your headbutt misses the gnoll.
The gnoll is lightly wounded.
You block the gnoll's attack. The gnoll hits you with a +0 club.
* * * LOW HITPOINT WARNING * * *
You hit the gnoll.
The gnoll is heavily wounded.
The gnoll hits you but does no damage. The gnoll hits you with a +0 club.
* * * LOW HITPOINT WARNING * * *
The gnoll hits you from afar with a +0 spear.
* * * LOW HITPOINT WARNING * * *
The gnoll hits you with a +0 club.
* * * LOW HITPOINT WARNING * * *
You feel very mighty all of a sudden.
The gnoll hits you from afar with a +0 spear!
You die...

..............####.#####.########
.....#.###.......................
..##...(#...♣♣♣♣..♣♣♣♣.._..♣♣♣♣..
..####....................†......
...# #.....######...........†....
##...#>#...........#####.########
# ##.#....##.###...#......#######
....#.###..............#......
#.#.#.# #####@#........#......
#.....# #g###.............
##..### ..g #......#...... #..
....##......#...(..
.....##......#......
......##......#......
#......##......#######
#########......# ########


You could see 2 gnolls.

Vanquished Creatures
  4 adders
  3 gnolls (D:3)
  A dart slug (D:3)
  2 endoplasms
  A giant cockroach (D:1)
  4 goblins (D:1)
  3 hobgoblins
  8 jackals (D:1)
  3 kobolds
  A quokka (D:1)
  7 ball pythons
  6 bats
  A frilled lizard (D:1)
  3 rats
47 creatures vanquished.

Notes
Turn   | Place    | Note
-------+----------+-------------------------------------------
     0 | D:1      | GigaChad the Minotaur Fighter began the quest for the Orb.
     0 | D:1      | Reached XP level 1. HP: 19/19 MP: 0/0
   289 | D:1      | Reached XP level 2. HP: 25/27 MP: 1/1
   623 | D:1      | Reached XP level 3. HP: 33/33 MP: 2/2
   981 | D:2      | You fall into a shaft and drop 1 floor!
  1099 | D:3      | Reached skill level 1 in Dodging
  1099 | D:3      | Reached XP level 4. HP: 40/40 MP: 3/3
  1185 | D:3      | Found a snail-covered altar of Cheibriados.
  1250 | D:3      | Found a shadowy altar of Dithmenos.
  1329 | D:3      | Slain by a gnoll

Illustrated notes

Levels and vault maps discovered:
D:1:      sevenhm_arrival_forest_fort_large_3, layout_loops_ring,
          shapermc_ecumenical_altar_mp_vishouse, roderic_lattice_a,
          chequers_serial_rivers_large_a, skrybe_limestone_x
D:2:      layout_loops_cross, serial_aquarium, aquarium_bridge_square
          [aquarium_subvault_window, aquarium_subvault_window,
          aquarium_subvault_bridge, aquarium_subvault_bridge],
          aquarium_bridge_straight [aquarium_subvault_bridge,
          aquarium_subvault_window, aquarium_subvault_bridge,
          aquarium_subvault_window], aquarium_window_1, aquarium_window_double,
          aquarium_view_2e, aquarium_view_2e
D:3:      layout_rooms, kennysheep_slug_shrine, mainiacjoe_overflow_boulevard

Skill      XL: |  1  2  3  4 |
---------------+-------------+-----
Shields        | 4 |  4.1
Long Blades    | 3 |  3.9
Armour         | 4 |  4.7
Dodging        | 1 |  1.2
Fighting       | 4 |  4.0
Axes           | |  0.5
Stealth        | |  0.1

Action                   |  1- 3 |  4- 6 || total
-------------------------+-------+-------++-------
Melee: Long sword        |    86 |       ||    86
       Headbutt          |     8 |     3 ||    11
       War axe           |       |    27 ||    27
  Use: Scroll            |     3 |       ||     3
       Potion            |       |     1 ||     1
Armor: Scale mail        |    70 |    18 ||    88
Dodge: Dodged            |    50 |    22 ||    72
Block: Buckler           |    27 |    11 ||    38
